 Dungeon Crawl Stone Soup version 0.23.1-41-g7e51ed32d8 (webtiles) character file.

Game seed: 15432973583124979807

655316 Peloso the Minotaur Barricade (level 27, -21/273 HPs)
             Began as a Minotaur Fighter on Mar 29, 2019.
             Was the Champion of Okawaru.
             Demolished by an acid blob (29 damage)
             ... on level 4 of the Pits of Slime on Mar 30, 2019.
             The game lasted 04:41:55 (92807 turns).

Peloso the Minotaur Barricade (Minotaur Fighter)   Turns: 92807, Time: 04:41:55

Health: -21/273    AC: 15    Str: 41    XL:     27
Magic:  24/24      EV: 17    Int:  3    God:    Okawaru [******]
Gold:   7069       SH: 21    Dex: 18    Spells: 28/28 levels left

rFire    + . .     SeeInvis +   a - +9 double sword (slice)
rCold    + + .     Gourm    .   c - +0 shield
rNeg     + + +     Faith    +   t - +0 acid dragon scales "Luon" {rElec rC+ rN+ rCorr Str+6}
rPois    +         Spirit   .   E - +2 hat {MR+}
rElec    +         Reflect  .   u - scarf {rC+ rF+}
rCorr    +         Harm     .   Q - +1 pair of gloves of Paranoia {rC+ Dex+4}
MR       +++..                  r - +2 pair of boots {run}
Stlth    +++++.....             X - amulet "Luis" {Faith rElec rPois rC- rN+++}
HPRegen  0.55/turn              m - ring "Dusmusis" {Str+2 SInv}
MPRegen  0.19/turn              R - ring of Yzeh {rN+ Str+3 Stlth+}

@: corroded, quick
A: retaliatory headbutt, horns 2, blurry vision 1, deformed body, dopey 1,
subdued magic 1
}: 3/15 runes: decaying, silver, gossamer
a: Heroism, Finesse, Renounce Religion


You were on level 4 of the Pits of Slime.
You worshipped Okawaru.
Okawaru was exalted by your worship.
You were hungry.

You visited 13 branches of the dungeon, and saw 55 of its levels.
You visited the Abyss 2 times.
You visited 1 bazaar.
You also visited: Trove and Bailey.

You collected 12704 gold pieces.
You spent 5635 gold pieces at shops.

Inventory:

Hand Weapons
 a - a +9 double sword of slicing (weapon)
 b - a +4 scimitar of flaming
Armour
 c - a +0 shield (worn)
 r - a +2 pair of boots of running (worn)
 t - the +0 acid dragon scales "Luon" (worn) {rElec rC+ rN+ rCorr Str+6}
   (Okawaru gifted it to you on level 4 of the Vaults)

   It affects your strength (+6).
   It protects you from cold.
   It insulates you from electricity.
   It protects you from negative energy.
   It provides partial protection from all sources of acid and corrosion.
 u - a scarf of resistance (worn)
 y - the +5 crystal plate armour "Ruoll" {Dex+3}
   (You bought it in a shop on level 3 of the Elven Halls)

   It affects your dexterity (+3).
 E - a +2 hat of magic resistance (worn)
 H - a +1 cloak of magic resistance
 Q - the +1 pair of gloves of Paranoia (worn) {rC+ Dex+4}
   (Okawaru gifted it to you on level 3 of the Swamp)

   It affects your dexterity (+4).
   It protects you from cold.
 S - a +1 pair of boots of flying
Jewellery
 g - an uncursed ring of protection from magic
 m - the ring "Dusmusis" (left hand) {Str+2 SInv}
   (You found it on level 3 of the Crypt)

   [ring of see invisible]

   It affects your strength (+2).
   It lets you see invisible.
 v - an uncursed ring of ice
 M - a +4 ring of slaying
 R - the ring of Yzeh (right hand) {rN+ Str+3 Stlth+}
   (You found it on level 3 of the Crypt)

   [ring of positive energy]

   It affects your strength (+3).
   It protects you from negative energy.
   It makes you more stealthy.
 X - the amulet "Luis" (around neck) {Faith rElec rPois rC- rN+++}
   (You bought it in a shop on level 7 of the Dungeon)

   [amulet of faith]

   It allows you to gain divine favour quickly.
   It makes you vulnerable to cold.
   It insulates you from electricity.
   It protects you from poison.
   It renders you almost immune to negative energy.
Wands
 p - a wand of iceblast (8)
 C - a wand of digging (10)
Scrolls
 e - 11 scrolls of fear
 h - 17 scrolls of identify
 i - 40 scrolls of remove curse
 j - 2 scrolls of enchant weapon
 o - 24 scrolls of teleportation
 w - 2 scrolls of summoning
 x - 2 scrolls of noise
 B - 3 scrolls of magic mapping
 F - 8 scrolls of blinking
Potions
 d - 6 potions of might
 k - 3 potions of mutation
 l - 7 potions of resistance
 n - a potion of ambrosia
 q - 4 potions of invisibility
 s - 7 potions of agility
 z - 9 potions of haste
 A - a potion of heal wounds
 I - 5 potions of berserk rage
 Z - 19 potions of curing
Comestibles
 f - 62 rations


   Skills:
 O Level 27 Fighting
 O Level 27 Long Blades
 + Level 1.7 Throwing
 O Level 27 Armour
 + Level 7.3 Dodging
 + Level 10.4 Stealth
 O Level 27 Shields
 + Level 2.0 Unarmed Combat
 + Level 1.1 Spellcasting
 + Level 2.9 Invocations
 + Level 2.6 Evocations


You had 28 spell levels left.
You didn't know any spells.
Your spell library contained the following spells:

 Spells                   Type           Power        Failure   Level  Hunger
 Animate Skeleton         Necr           N/A          45%         1    ##.....
 Apportation              Tloc           #.....       45%         1    ##.....
 Beastly Appendage        Tmut           #.....       45%         1    ##.....
 Confusing Touch          Hex            #.....       45%         1    ##.....
 Corona                   Hex            #......      45%         1    ##.....
 Flame Tongue             Conj/Fire      #....        45%         1    ##.....
 Freeze                   Ice            #...         45%         1    ##.....
 Magic Dart               Conj           #...         45%         1    ##.....
 Pain                     Necr           #...         45%         1    ##.....
 Sandblast                Erth           #.....       45%         1    ##.....
 Sting                    Conj/Pois      #...         45%         1    ##.....
 Summon Butterflies       Summ           #.......     45%         1    ##.....
 Summon Small Mammal      Summ           #...         45%         1    ##.....
 Blink                    Tloc           N/A          61%         2    ###....
 Call Imp                 Summ           #.......     61%         2    ###....
 Ensorcelled Hibernation  Hex/Ice        #.....       61%         2    ###....
 Passwall                 Tmut/Erth      #.......     61%         2    ###....
 Poisonous Vapours        Pois/Air       #.....       61%         2    ###....
 Searing Ray              Conj           #.....       61%         2    ###....
 Slow                     Hex            #.......     61%         2    ###....
 Sticks to Snakes         Tmut           #.......     61%         2    ###....
 Sublimation of Blood     Necr           #.........   61%         2    ###....
 Throw Flame              Conj/Fire      #.....       61%         2    ###....
 Throw Frost              Conj/Ice       #.....       61%         2    ###....
 Confuse                  Hex            #.......     83%         3    ####...
 Conjure Flame            Conj/Fire      #.......     83%         3    ####...
 Dazzling Spray           Conj/Hex       #.....       83%         3    ####...
 Gell's Gravitas          Tloc           #.........   83%         3    ####...
 Ignite Poison            Fire/Tmut/Pois #.......     83%         3    ####...
 Inner Flame              Hex/Fire       #.......     83%         3    ####...
 Lesser Beckoning         Tloc           #.........   83%         3    ####...
 Mephitic Cloud           Conj/Pois/Air  #.......     83%         3    ####...
 Ozocubu's Armour         Chrm/Ice       #.......     83%         3    ####...
 Portal Projectile        Hex/Tloc       #.....       83%         3    ####...
 Regeneration             Chrm/Necr      #.........   83%         3    ####...
 Spider Form              Tmut/Pois      #.........   83%         3    ####...
 Static Discharge         Conj/Air       #.......     83%         3    ####...
 Stone Arrow              Conj/Erth      #.....       83%         3    ####...
 Tukima's Dance           Hex            #.......     83%         3    ####...
 Vampiric Draining        Necr           #.........   83%         3    ####...
 Animate Dead             Necr           N/A          99%         4    #####..
 Cause Fear               Hex            #.........   99%         4    #####..
 Force Lance              Conj/Tloc      #.......     99%         4    #####..
 Fulminant Prism          Conj/Hex       #.........   99%         4    #####..
 Ice Form                 Ice/Tmut       #.......     99%         4    #####..
 Iskenderun's Mystic Bla  Conj           #.......     99%         4    #####..
 Leda's Liquefaction      Hex/Erth       #.........   99%         4    #####..
 Olgreb's Toxic Radiance  Pois           #.......     99%         4    #####..
 Petrify                  Tmut/Erth      #.......     99%         4    #####..
 Summon Ice Beast         Ice/Summ       #.......     99%         4    #####..
 Throw Icicle             Conj/Ice       #.......     99%         4    #####..
 Agony                    Necr           #.......     100%        5    ######.
 Alistair's Intoxication  Tmut/Pois      #.......     100%        5    ######.
 Blade Hands              Tmut           #.........   100%        5    ######.
 Bolt of Draining         Conj/Necr      #.........   100%        5    ######.
 Bolt of Magma            Conj/Fire/Erth #.........   100%        5    ######.
 Borgnjor's Vile Clutch   Necr/Erth      #.........   100%        5    ######.
 Dispel Undead            Necr           #.......     100%        5    ######.
 Fireball                 Conj/Fire      #.........   100%        5    ######.
 Irradiate                Conj/Tmut      #.........   100%        5    ######.
 Iskenderun's Battlesphe  Conj/Chrm      #.......     100%        5    ######.
 Lee's Rapid Deconstruct  Erth           #.........   100%        5    ######.
 Lightning Bolt           Conj/Air       #.........   100%        5    ######.
 Metabolic Englaciation   Hex/Ice        #.........   100%        5    ######.
 Silence                  Hex/Air        #.........   100%        5    ######.
 Venom Bolt               Conj/Pois      #.........   100%        5    ######.
 Yara's Violent Unravell  Hex/Tmut       #.........   100%        5    ######.
 Bolt of Fire             Conj/Fire      #.........   100%        6    #######
 Darkness                 Hex            #.........   100%        6    #######
 Deflect Missiles         Chrm/Air       #.........   100%        6    #######
 Dispersal                Tloc           #.........   100%        6    #######
 Freezing Cloud           Conj/Ice/Air   #.........   100%        6    #######
 Invisibility             Hex            #.......     100%        6    #######
 Iron Shot                Conj/Erth      #.........   100%        6    #######
 Poison Arrow             Conj/Pois      #.........   100%        6    #######
 Shadow Creatures         Summ           N/A          100%        6    #######
 Dragon Form              Tmut           #.........   100%        7    #######
 Orb of Destruction       Conj           #.........   100%        7    #######
 Ring of Flames           Chrm/Fire      #.........   100%        7    #######
 Spellforged Servitor     Conj/Summ      #.........   100%        7    #######
 Chain Lightning          Conj/Air       #.........   100%        8    #######
 Controlled Blink         Tloc           N/A          100%        8    #######
 Death's Door             Chrm/Necr      #.........   100%        8    #######
 Discord                  Hex            #.........   100%        8    #######
 Disjunction              Tloc           #.........   100%        8    #######
 Ignition                 Fire           #.........   100%        8    #######
 Lehudib's Crystal Spear  Conj/Erth      #.........   100%        8    #######
 Fire Storm               Conj/Fire      #.........   100%        9    #######
 Glaciate                 Conj/Ice       #.........   100%        9    #######
 Shatter                  Erth           #.........   100%        9    #######
 Tornado                  Air            #.........   100%        9    #######


Dungeon Overview and Level Annotations

Branches:
Dungeon (15/15)            Temple (1/1) D:4            Lair (6/6) D:11
  Swamp (4/4) Lair:4       Spider (4/4) Lair:2        Slime (4/5) Lair:5
    Orc (2/2) D:9             Elf (3/3) Orc:2        Vaults (5/5) D:13
  Crypt (3/3) Vaults:3       Tomb (0/3) Crypt:3      Depths (5/5) D:15
   Hell (1/1)                 Coc (0/7) Hell            Zot (2/5) Depths:5
    Dis: Hell:1         Geh: Hell:1         Tar: Hell:1

Altars:
Ashenzari
Cheibriados
Dithmenos
Elyvilon
Fedhas
Gozag
Hepliaklqana
Kikubaaqudgha
Makhleb
Nemelex Xobeh
Okawaru
Ru
Sif Muna
Trog
Uskayaw
Wu Jian
Xom
Yredelemnul
Jiyva

Shops:
D:7 =[   Orc:2 ?=((   Elf:2 }   Elf:3 *   Vaults:1 %   Depths:1 *   Depths:2 =
Depths:4 !?=(

Portals:
Hell: Depths:1 Depths:2 Depths:3 Depths:4 Depths:5
Abyss: Depths:4 Depths:5
Pandemonium: Depths:3 Depths:5
Ziggurat: Depths:5

Annotations:
Lair:6 3 runed translucent doors, rumpelstilzz's ghost, journeyman CeFi
Hell exclusion: ice statue


Innate Abilities, Weirdness & Mutations

You reflexively headbutt those who attack you in melee.
You have a pair of horns on your head.
Scrolls take you a little longer to read.
Armour fits poorly on your strangely shaped body.
You are dopey. (Int -2)
Your spells are a little easier to cast, but a little less powerful.


Message History

The azure jelly jiggles.
The azure jelly hits you but does no damage. x3
The azure jelly closely misses you. The slime creature misses you.
In your confused state, you trip and fall back down the stairs.
* * * LOW HITPOINT WARNING * * *
The golden eye blinks at you. You resist with almost no effort.
The slime creature misses you. The acid blob spits acid at you.
The splash of acid misses you.
The azure jelly hits you but does no damage.
The azure jelly closely misses you.
The azure jelly hits you but does no damage. x2
The large slime creature hits you!!
* * * LOW HITPOINT WARNING * * *
The slime creature completely misses you.
The slime creature closely misses you.
You're too confused!
You feel better. You block the slime creature's attack.
The golden eye blinks!
The acid blob hits you!!
You die...

##....# ..##
#....#.## .#.##
#..#....##....#
........#....#
.....#.......#
............##
.............##
......JJ.......
.....>J@JG....ยง
......JJ.......
......#........
......#.......G
...............
...........#...
..... ......#..
.... ........#.


You could see an acid blob, an azure jelly, a large slime creature, 3 slime
creatures and 2 golden eyes.

Vanquished Creatures
  3 ancient liches (Crypt:3)
  4 juggernauts
  Xtahua (Vaults:4)
  Bai Suzhen (Depths:1)
  A curse toe (Zot:2)
  Frederick (Vaults:2)
  Saint Roka (Vaults:2)
  Geryon (Hell)
  6 golden dragons
  the Enchantress (Depths:4)
  3 bone dragons
  4 liches
  A quicksilver dragon (shapeshifter) (Elf:1)
  13 tentacled monstrosities
  4 quicksilver dragons
  6 titans
  2 deep elf blademasters
  2 deep elf master archers (Elf:3)
  2 death cobs (Zot:2)
  2 ancient champions (Vaults:3)
  2 Executioners
  Gastronok (D:8)
  3 acid blobs
  9 tengu reavers
  4 tentacled starspawn
  4 thorn hunters
  8 sphinxes
  8 storm dragons
  8 shadow dragons
  Donald (Vaults:2)
  A revenant (Crypt:3)
  2 draconian monks
  4 azure jellies
  23 vault wardens
  The ghost of NeAGen181 the Warrior, a journeyman HOFi of Beogh (Lair:5)
  A draconian knight (Zot:2)
  7 deep elf sorcerers
  7 draconian scorchers
  Aizul (Swamp:1)
  15 fire giants
  3 ghost moths (Spider:4)
  3 draconian shifters
  4 balrugs
  2 ghouls (Crypt:2)
  Louise (Elf:2)
  6 deep elf elementalists
  2 iron dragons
  2 curse skulls
  13 frost giants
  2 cacodemons
  3 draconian annihilators
  7 spriggan defenders
  9 emperor scorpions
  18 very ugly things
  An angel (Abyss:4)
  8 reapers
  26 stone giants
  19 ironheart preservers
  7 war gargoyles
  6 entropy weavers
  Nessos (D:12)
  4 vampire knights
  2 green draconians (Depths:5)
  2 lorocyprocas
  12 spark wasps
  A dire elephant (D:15)
  7 black draconians
  5 deep elf demonologists
  6 deep elf annihilators
  5 red draconians
  A purple draconian (Zot:1)
  7 white draconians
  9 yellow draconians
  5 deep elf death magi (Elf:3)
  3 blizzard demons
  24 ettins
  2 merfolk javelineers
  Josephine (Lair:4)
  17 great orbs of eyes
  A crystal guardian (Vaults:3)
  A merfolk impaler (Abyss:5)
  14 fire dragons
  6 rakshasas
  6 deep elf high priests (Elf:3)
  Harold (D:6)
  12 ogre magi
  20 yaktaur captains
  37 vault guards
  17 ice dragons
  Erolcha (D:10)
  A quicksilver dragon skeleton (Crypt:3)
  20 hydras
  Erica (D:8)
  5 spriggan air magi
  5 death knights
  2 ghost crabs (Swamp:4)
  2 shambling mangroves (Swamp:2)
  2 catoblepae (Depths:1)
  10 centaur warriors
  A queen ant (shapeshifter) (Vaults:5)
  35 two-headed ogres
  13 alligators
  A queen ant (Lair:2)
  20 dancing weapons
  6 vampire magi
  19 deep troll shamans
  3 death yaks (Lair:3)
  8 tengu warriors
  9 deep troll earth magi
  2 hell hogs (Hell)
  8 spriggan berserkers
  Urug (D:11)
  8 sun demons
  26 deep elf knights
  6 thrashing horrors (Abyss:3)
  A titan zombie (Crypt:3)
  10 small abominations
  Sonja (D:13)
  5 shadow wraiths
  8 wretched stars
  A salamander mystic (Depths:2)
  5 sixfirhies
  2 iron golems (Depths:5)
  14 soul eaters
  2 spatial maelstroms
  18 large abominations
  11 hell knights
  31 skeletal warriors
  2 spriggan druids (Swamp:3)
  36 deep trolls
  5 spectral hydras (Swamp:4)
  12 iron trolls
  4 unseen horrors
  6 glowing orange brains
  6 wizards
  An unseen horror (shapeshifter) (Depths:5)
  A glowing orange brain (shapeshifter) (Depths:2)
  7 flayed ghosts
  5 swamp dragons
  2 anaconda zombies
  A golden dragon skeleton (Crypt:3)
  2 shadow dragon zombies (Hell)
  A lindwurm (Lair:6)
  13 harpies
  25 ironbrand convokers
  33 ugly things
  16 phantasmal warriors
  13 deep elf archers
  An anaconda skeleton (Crypt:3)
  14 orc knights
  22 orb spiders
  11 necromancers
  2 stone giant zombies
  55 deep elf magi
  A frost giant zombie (Depths:3)
  An oklob plant (D:11)
  25 wolf spiders
  6 cyclopes
  3 orc sorcerers
  A tengu skeleton (Depths:3)
  7 manticores (Elf:1)
  4 salamanders
  3 centaur zombies
  2 moths of wrath (shapeshifter) (Vaults:5)
  3 shining eyes
  16 moths of wrath
  A cyclops (shapeshifter) (Vaults:3)
  2 frost giant skeletons
  4 black mambas
  A worldbinder (Abyss:2)
  A black mamba (shapeshifter) (Depths:3)
  A guardian serpent (shapeshifter) (Vaults:3)
  A stone giant skeleton (Crypt:3)
  Joseph (D:9)
  20 vault sentinels
  7 smoke demons
  9 fire giant skeletons (Crypt:3)
  8 rust devils
  3 orange demons (Abyss:3)
  8 gargoyles
  A dire elephant zombie (Crypt:1)
  A catoblepas zombie (Crypt:1)
  6 torpor snails
  A rime drake (shapeshifter) (Vaults:4)
  6 rime drakes
  14 freezing wraiths
  10 komodo dragons
  19 spiny frogs
  2 hellions
  2 kobold demonologists (Abyss:2)
  A swamp worm zombie (Swamp:4)
  56 yaktaurs
  21 demonic crawlers
  An efreet (D:15)
  An anaconda simulacrum (Hell)
  5 ancient zymes
  4 guardian mummies (Crypt:3)
  6 hydra zombies
  A tormentor (Hell)
  5 tengu conjurers
  4 hellwings
  5 red devils
  A jumping spider (shapeshifter) (Vaults:3)
  A harpy zombie (Crypt:1)
  9 ice devils
  3 polar bears
  3 trolls (shapeshifter)
  35 jumping spiders
  7 trolls
  16 tyrant leeches
  71 slime creatures
  A hippogriff (shapeshifter) (Depths:1)
  24 hornets
  2 hydra skeletons (Hell)
  9 raiju
  32 blink frogs
  2 meliai (shapeshifter)
  A spectral swamp dragon (Swamp:4)
  13 hippogriffs
  A harpy skeleton (D:15)
  14 bog bodies
  7 alligator zombies
  An ettin zombie (Crypt:2)
  A slime creature (shapeshifter) (Vaults:4)
  5 dream sheep (Lair:5)
  A meliai zombie (D:15)
  A fire giant simulacrum (Abyss:3)
  An air elemental (Elf:2)
  26 tarantellas
  An ice dragon skeleton (Crypt:3)
  12 spriggans
  A spriggan (shapeshifter) (Vaults:4)
  2 vampires
  2 alligator skeletons (Hell)
  16 flying skulls
  85 redbacks
  5 water elementals
  An ettin skeleton (Crypt:2)
  40 yaks
  6 ynoxinuls
  Sigmund (D:6)
  2 wyverns
  25 shadows
  9 fire dragon skeletons (Crypt:3)
  16 wraiths
  11 fire elementals
  6 basilisks
  2 steam dragons
  2 golden eyes (shapeshifter)
  13 golden eyes
  7 neqoxecs
  8 hungry ghosts
  A hog (shapeshifter) (Vaults:3)
  2 chaos spawn (Abyss:4)
  A human simulacrum (Vaults:1)
  33 vampire mosquitoes
  23 soldier ants
  3 spatial vortices (Abyss:3)
  20 swamp worms
  5 wargs
  A merfolk zombie (Crypt:1)
  A swamp worm (shapeshifter) (Vaults:5)
  A glowing shapeshifter zombie (Crypt:2)
  33 insubstantial wisps
  14 water moccasins
  5 acid dragons
  2 spiny frog zombies
  4 hell hounds (Elf:1)
  2 floating eyes
  11 porcupines
  A gelid demonspawn skeleton (Crypt:3)
  3 ice beasts
  2 snapping turtle zombies
  11 swamp drakes
  6 sky beasts
  An eye of draining (shapeshifter) (Depths:2)
  52 orc warriors
  2 spiny frog skeletons
  A manticore zombie (Hell)
  4 swamp dragon zombies (Swamp:4)
  An ettin simulacrum (Vaults:1)
  9 phantoms
  3 necrophages
  A black bear (D:9)
  3 eyes of draining
  A tengu (shapeshifter) (Vaults:4)
  5 boggarts
  34 ogres
  2 swamp dragon skeletons
  19 wolves
  A lindwurm skeleton (Crypt:2)
  13 centaurs
  12 crocodiles
  10 big kobolds
  4 gnoll sergeants
  16 bullfrogs
  An earth elemental (Elf:1)
  A wyvern zombie (D:11)
  A deep troll simulacrum (Vaults:2)
  A spiny frog simulacrum (Crypt:2)
  3 wyvern skeletons
  6 scorpions
  A cyclops skeleton (Crypt:1)
  A troll zombie (D:9)
  14 killer bees
  13 wights
  A yak skeleton (Crypt:1)
  3 electric eels
  2 howler monkeys
  15 crimson imps
  34 starcursed masses (Abyss:3)
  13 hounds
  2 jellies
  A bullfrog skeleton (D:8)
  4 centaur skeletons
  4 gnoll shamans
  23 orc priests
  18 orc wizards
  2 iron imps
  A human skeleton (Hell)
  A human zombie (Crypt:1)
  10 iguanas
  A spectral swamp drake (Swamp:4)
  7 hell rats (Hell)
  36 worker ants
  2 lightning spires (Abyss:5)
  A killer bee zombie (Crypt:2)
  A naga zombie (Crypt:3)
  A tengu zombie (Crypt:2)
  7 ogre zombies (D:9)
  A demigod skeleton (Crypt:2)
  2 hound skeletons
  7 mummies (Crypt:3)
  2 worker ant zombies
  Robin (D:3)
  28 gnolls
  11 adders
  A swamp drake zombie (Swamp:4)
  5 shadow imps
  3 white imps
  2 oozes
  An adder skeleton (D:8)
  3 adder zombies
  2 worms
  A dart slug (D:3)
  A leopard gecko (D:1)
  87 orcs
  3 giant cockroaches
  17 goblins
  10 hobgoblins
  22 jackals
  38 kobolds
  7 quokkas
  A ball python (D:3)
  A bat (D:1)
  5 frilled lizards
  A giant cockroach zombie (D:5)
  2 gnoll zombies (D:5)
  A goblin skeleton (D:9)
  4 goblin zombies (D:9)
  2 hobgoblin skeletons (D:9)
  7 hobgoblin zombies
  A leopard gecko zombie (D:5)
  2 orc skeletons (D:9)
  10 orc zombies (D:9)
  2 quokka skeletons
  3 rats
  5 briar patches
  A bush (Lair:1)
  2 fungi
  A lurking horror (Abyss:2)
  2 plants
2951 creatures vanquished.

Vanquished Creatures (others)
  A deep elf elementalist (Vaults:5)
  A green draconian (Depths:5)
  A tengu warrior (Depths:1)
  A spriggan druid (Swamp:4)
  2 deep elf magi (Elf:1)
  2 orb spiders (Spider:3)
  2 jumping spiders
  2 redbacks (Spider:3)
  A tarantella (Spider:4)
  A fire elemental (Elf:1)
  A boggart (Vaults:1)
  A ball lightning (Zot:2)
  An orc (D:12)
  2 briar patches (Swamp:1)
  4 fungi
  A lurking horror (Abyss:3)
  22 plants
  8 starspawn tentacles
54 creatures vanquished.

Grand Total: 3005 creatures vanquished

Notes
Turn   | Place    | Note
-------+----------+-------------------------------------------
     0 | D:1      | Peloso the Minotaur Fighter began the quest for the Orb.
     0 | D:1      | Reached XP level 1. HP: 19/19 MP: 0/0
   115 | D:1      | Reached XP level 2. HP: 25/27 MP: 1/1
   204 | D:1      | You fall through a shaft!
   355 | D:2      | Reached XP level 3. HP: 28/33 MP: 2/2
  1398 | D:3      | Reached XP level 4. HP: 39/41 MP: 3/3
  1484 | D:3      | Noticed Robin
  1513 | D:3      | Killed Robin
  1558 | D:3      | Noticed a two-headed ogre
  1563 | D:3      | Killed a two-headed ogre
  1563 | D:3      | Reached skill level 5 in Fighting
  1563 | D:3      | Reached skill level 5 in Long Blades
  1563 | D:3      | Reached skill level 1 in Dodging
  1563 | D:3      | Reached XP level 5. HP: 19/48 MP: 2/4
  1563 | D:3      | Reached XP level 6. HP: 23/56 MP: 2/5
  1563 | D:3      | Reached XP level 7. HP: 25/61 MP: 2/6
  2117 | D:4      | Reached XP level 8. HP: 21/68 MP: 3/7
  2434 | D:4      | Found a staircase to the Ecumenical Temple.
  2483 | Temple   | Entered the Ecumenical Temple
  2536 | Temple   | Became a worshipper of Warmaster Okawaru
  2864 | D:5      | Entered Level 5 of the Dungeon
  3065 | D:5      | Reached * piety under Okawaru
  3775 | D:5      | Reached XP level 9. HP: 76/78 MP: 6/8
  3843 | D:5      | Found a basalt altar of Yredelemnul.
  4066 | D:6      | Noticed a two-headed ogre
  4334 | D:6      | Killed a two-headed ogre
  4553 | D:6      | Reached ** piety under Okawaru
  4567 | D:6      | Noticed Sigmund
  4577 | D:6      | Killed Sigmund
  4709 | D:6      | Found a sacrificial altar of Ru.
  4824 | D:6      | Reached skill level 10 in Shields
  4835 | D:7      | Found Minofet's Jewellery Shop.
  5310 | D:7      | Noticed Harold
  5331 | D:6      | Reached XP level 10. HP: 43/88 MP: 7/9
  5702 | D:6      | Killed Harold
  5702 | D:6      | Reached *** piety under Okawaru
  5951 | D:7      | Found Nodaor's Antique Armour Boutique.
  6066 | D:7      | Reached skill level 10 in Long Blades
  6599 | D:8      | Reached **** piety under Okawaru
  6644 | D:8      | Noticed Erica
  6664 | D:8      | Killed Erica
  7092 | D:8      | Noticed a gargoyle
  7127 | D:8      | Reached skill level 10 in Armour
  7149 | D:8      | Identified the ring "Neubur" {rF+ Dex+2}
  7159 | D:8      | Killed a gargoyle
  7159 | D:8      | Reached ***** piety under Okawaru
  7164 | D:8      | Reached XP level 11. HP: 35/95 MP: 3/10
  7436 | D:8      | Noticed Gastronok
  7449 | D:8      | Killed Gastronok
  7597 | D:8      | Got an ancient halberd
  7600 | D:8      | Identified the Catalogue of Confrontation
  8017 | D:9      | Noticed Joseph
  8026 | D:9      | Killed Joseph
  8077 | D:9      | Received a gift from Okawaru
  8400 | D:9      | Found a staircase to the Orcish Mines.
  8821 | D:10     | Entered Level 10 of the Dungeon
  8875 | D:10     | Noticed Erolcha
  8889 | D:10     | Killed Erolcha
  8889 | D:10     | Reached skill level 10 in Fighting
  8909 | D:10     | Found a flagged portal.
  9095 | Bailey   | Entered a bailey
  9927 | D:10     | Found a shadowy altar of Dithmenos.
 10125 | D:7      | Bought the amulet "Luis" {Faith rElec rPois rC- rN+++} for
                  | 794 gold pieces
 10163 | D:7      | Bought a pair of runed gloves for 187 gold pieces
 10230 | D:11     | Noticed an oklob plant
 10349 | D:11     | Noticed Urug
 10353 | D:11     | Reached XP level 12. HP: 67/105 MP: 11/11
 10365 | D:11     | Killed Urug
 10451 | D:11     | Noticed a two-headed ogre
 10460 | D:11     | Killed a two-headed ogre
 10481 | D:11     | Noticed a two-headed ogre
 10502 | D:11     | Killed a two-headed ogre
 10502 | D:11     | Reached ****** piety under Okawaru
 10621 | D:11     | Noticed a two-headed ogre
 10626 | D:11     | Killed a two-headed ogre
 10755 | D:11     | Noticed a two-headed ogre
 10764 | D:11     | Killed a two-headed ogre
 10764 | D:11     | Received a gift from Okawaru
 10775 | D:11     | Got a distressingly furry chain mail {god gift}
 10786 | D:11     | Identified the +1 chain mail "Galeg" {+Blink} (Okawaru
                  | gifted it to you on level 11 of the Dungeon)
 11059 | D:11     | Found a staircase to the Lair.
 11076 | Lair:1   | Entered Level 1 of the Lair of Beasts
 12466 | Lair:2   | Received a gift from Okawaru
 12467 | Lair:2   | Found a hole to the Spider Nest.
 13067 | Lair:3   | Reached XP level 13. HP: 104/115 MP: 12/12
 13871 | Lair:3   | Reached skill level 15 in Shields
 13962 | Lair:4   | Received a gift from Okawaru
 14150 | Lair:4   | Noticed Josephine
 14165 | Lair:4   | Killed Josephine
 14165 | Lair:4   | Received a gift from Okawaru
 14171 | Lair:4   | Reached skill level 1 in Invocations
 14181 | Lair:4   | Got a fine chain mail {god gift}
 14192 | Lair:4   | Identified the +0 chain mail of Grot {rElec rPois Str-4}
                  | (Okawaru gifted it to you on level 4 of the Lair of Beasts)
 15081 | Lair:4   | Found a staircase to the Swamp.
 15646 | Lair:5   | Reached skill level 15 in Long Blades
 15764 | Lair:5   | Found a transporter.
 15765 | Lair:5   | Identified the cursed +2 demon trident of Col Jedo
                  | {protect, Int+3}
 15768 | Lair:5   | Noticed NeAGen181's ghost (journeyman HOFi)
 15787 | Lair:5   | Found a transporter.
 15800 | Lair:5   | Found a bloodstained altar of Trog.
 15808 | Lair:5   | Reached XP level 14. HP: 121/126 MP: 14/14
 15810 | Lair:5   | Identified the cursed +3 war axe "Gukkots" {elec, Int+6}
 16536 | Lair:5   | Found a burning altar of Makhleb.
 16584 | Lair:5   | Found a viscous altar of Jiyva.
 16584 | Lair:5   | Found a staircase to the Slime Pits.
 16835 | Lair:5   | Killed NeAGen181's ghost
 17034 | Lair:6   | Entered Level 6 of the Lair of Beasts
 17053 | Lair:6   | Received a gift from Okawaru
 17592 | Lair:6   | Found a runed translucent gate.
 17592 | Lair:6   | Found a runed translucent gate.
 17592 | Lair:6   | Found a runed translucent gate.
 17892 | Lair:6   | Noticed rumpelstilzz's ghost (journeyman CeFi)
 18141 | Lair:6   | Found a runed translucent door.
 18190 | Lair:6   | Received a gift from Okawaru
 18775 | Lair:6   | Reached skill level 1 in Stealth
 20755 | D:12     | Noticed Nessos
 20763 | D:12     | Killed Nessos
 20948 | D:13     | Noticed Sonja
 20958 | D:13     | Killed Sonja
 21607 | D:13     | Reached XP level 15. HP: 132/136 MP: 15/15
 21610 | D:12     | Received a gift from Okawaru
 21791 | D:13     | Found a gate to the Vaults.
 22458 | D:14     | Reached skill level 15 in Armour
 23365 | Orc:1    | Entered Level 1 of the Orcish Mines
 23888 | Orc:2    | Entered Level 2 of the Orcish Mines
 23996 | Orc:2    | Found a burning altar of Makhleb.
 24030 | Orc:2    | Found a staircase to the Elven Halls.
 24115 | Orc:2    | Received a gift from Okawaru
 25079 | Orc:2    | Found Vepsid's Jewellery Shoppe.
 25079 | Orc:2    | Found Qenlupoa's Antique Weapon Boutique.
 25079 | Orc:2    | Found Zatteg's Antique Weapon Shop.
 25082 | Orc:2    | Found Qiublatt's Magic Scroll Emporium.
 25087 | Orc:2    | Bought a scroll of identify for 26 gold pieces
 25087 | Orc:2    | Bought a scroll of identify for 26 gold pieces
 25087 | Orc:2    | Bought a scroll of identify for 26 gold pieces
 25087 | Orc:2    | Bought a scroll of teleportation for 39 gold pieces
 25101 | Orc:2    | Identified a scroll of acquirement
 25111 | Orc:2    | Bought a scroll of identify for 26 gold pieces
 25111 | Orc:2    | Bought a scroll of identify for 26 gold pieces
 25419 | D:15     | Entered Level 15 of the Dungeon
 26082 | D:15     | Received a gift from Okawaru
 26409 | D:15     | Found a staircase to the Depths.
 26938 | Swamp:1  | Entered Level 1 of the Swamp
 26938 | Swamp:1  | Noticed Aizul
 26962 | Swamp:1  | Killed Aizul
 26968 | Swamp:1  | Reached XP level 16. HP: 29/147 MP: 16/16
 27530 | Swamp:1  | Noticed a thorn hunter
 27555 | Swamp:1  | Killed a thorn hunter
 27953 | Swamp:1  | Received a gift from Okawaru
 28104 | Swamp:2  | Reached skill level 15 in Fighting
 28893 | Swamp:3  | Received a gift from Okawaru
 28898 | Swamp:3  | Got a pair of steaming gloves {god gift}
 28909 | Swamp:3  | Identified the +1 pair of gloves of Paranoia {rC+ Dex+4}
                  | (Okawaru gifted it to you on level 3 of the Swamp)
 29043 | Swamp:3  | Noticed a thorn hunter
 29068 | Swamp:3  | Killed a thorn hunter
 29567 | Swamp:3  | Noticed a thorn hunter
 29582 | Swamp:3  | Killed a thorn hunter
 30085 | Swamp:4  | Entered Level 4 of the Swamp
 30733 | Swamp:4  | Received a gift from Okawaru
 31739 | Swamp:4  | Reached XP level 17. HP: 139/158 MP: 17/17
 32286 | Swamp:4  | Received a gift from Okawaru
 32742 | Swamp:4  | Noticed a bone dragon
 32764 | Swamp:4  | Killed a bone dragon
 32981 | Swamp:4  | Got a decaying rune of Zot
 33358 | Spider:1 | Entered Level 1 of the Spider Nest
 33434 | Spider:1 | Received a gift from Okawaru
 35880 | Spider:1 | Received a gift from Okawaru
 38956 | Spider:3 | Reached XP level 18. HP: 38/169 MP: 18/18
 39569 | Spider:4 | Entered Level 4 of the Spider Nest
 40066 | Spider:4 | Received a gift from Okawaru
 40695 | Spider:4 | Got a fine spear {god gift}
 40696 | Spider:4 | Identified the +8 spear of the Unliving {pierce, *Contam
                  | rElec MR++ Stlth+} (Okawaru gifted it to you on level 4 of
                  | the Spider Nest)
 41686 | Spider:4 | Received a gift from Okawaru
 42827 | Spider:4 | Got a gossamer rune of Zot
 43080 | Vaults:1 | Entered Level 1 of the Vaults
 43404 | Vaults:1 | Found Citum's Food Shop.
 43890 | Vaults:1 | Received a gift from Okawaru
 44855 | Vaults:1 | Reached XP level 19. HP: 128/179 MP: 19/19
 45693 | Vaults:2 | Received a gift from Okawaru
 46434 | Vaults:2 | Noticed Frederick
 46806 | Vaults:2 | Killed Frederick
 46810 | Vaults:2 | Received a gift from Okawaru
 46919 | Vaults:2 | Noticed Donald
 46936 | Vaults:2 | Killed Donald
 47150 | Vaults:2 | Noticed Saint Roka
 47594 | Vaults:2 | Killed Saint Roka
 47697 | Vaults:2 | Received a gift from Okawaru
 48288 | Vaults:3 | Found a staircase to the Crypt.
 49217 | Vaults:3 | Reached XP level 20. HP: 191/191 MP: 20/20
 49243 | Vaults:3 | Received a gift from Okawaru
 50547 | Vaults:3 | Received a gift from Okawaru
 50599 | Vaults:3 | HP: 2/191 [yaktaur captain (28)]
 50621 | Vaults:3 | Got an iridescent demon blade {god gift}
 50624 | Vaults:3 | Identified the +2 demon blade "Zisk" {elec, rPois rN++ MR+}
                  | (Okawaru gifted it to you on level 3 of the Vaults)
 51426 | Vaults:3 | Received a gift from Okawaru
 51653 | Elf:1    | Entered Level 1 of the Elven Halls
 52110 | Elf:1    | Found a portal to a secret trove of treasure.
 52535 | Elf:1    | You paid a toll of 2 scrolls of acquirement to enter a
                  | treasure trove
 52536 | Trove    | Entered a treasure trove
 52548 | Trove    | Got an ancient pewter amulet
 52568 | Trove    | Got a pair of jewelled gloves
 52570 | Trove    | Got an encrusted demon blade
 52571 | Trove    | Identified the +4 demon blade of Big Damage {freeze, Str+3}
                  | (You found it in a treasure trove)
 52574 | Trove    | Identified the amulet "Pinlaw" {Faith *Corrode Str+4 Int+4}
                  | (You found it in a treasure trove)
 52575 | Trove    | Identified the -5 pair of gloves "Masaynon" {rN+ Str+2
                  | Dex+4} (You found it in a treasure trove)
 53065 | Elf:1    | Noticed a shard shrike
 53068 | Elf:1    | a shard shrike changed into an iron dragon
 53069 | Elf:1    | Noticed a shard shrike
 53069 | Elf:1    | an iron dragon changed into a shard shrike
 53071 | Elf:1    | Noticed a caustic shrike
 53071 | Elf:1    | a shard shrike changed into a caustic shrike
 53078 | Elf:1    | a caustic shrike changed into a shadow dragon
 53198 | Elf:1    | Received a gift from Okawaru
 53567 | Elf:2    | Found a runed translucent gate.
 53567 | Elf:2    | Found a runed translucent gate.
 53567 | Elf:2    | Found a runed translucent gate.
 53680 | Elf:2    | Found Umuma's Gadget Shop.
 53779 | Elf:2    | Noticed Louise
 53801 | Elf:2    | Killed Louise
 54240 | Elf:2    | Reached XP level 21. HP: 201/201 MP: 21/21
 54250 | Elf:2    | Received a gift from Okawaru
 54927 | Elf:3    | Entered Level 3 of the Elven Halls
 54947 | Elf:3    | Found Keirph's Assorted Antiques.
 54955 | Elf:3    | Bought a faintly humming crystal plate armour for 2635 gold
                  | pieces
 54968 | Elf:3    | Identified the +5 crystal plate armour "Ruoll" {Dex+3} (You
                  | bought it in a shop on level 3 of the Elven Halls)
 54975 | Elf:3    | Bought a citrine-encrusted plate armour for 868 gold pieces
 54975 | Elf:3    | Bought a bubbling silvery potion for 27 gold pieces
 54975 | Elf:3    | Bought a pitted falchion for 248 gold pieces
 54978 | Elf:3    | Identified the +1 plate armour "Ecvanuos" {rN+ Slay+3} (You
                  | bought it in a shop on level 3 of the Elven Halls)
 54980 | Elf:3    | Identified the +4 falchion of Xaes Isu {venom, rElec rPois
                  | Str-2 SInv} (You bought it in a shop on level 3 of the
                  | Elven Halls)
 55603 | Elf:3    | Received a gift from Okawaru
 55988 | Elf:3    | Identified the +3 ring mail of Boiling Hail {rElec rPois
                  | Int-3}
 56599 | Elf:3    | Identified the amulet of Uskayaw's Delight {Acrobat *Contam
                  | rElec MP+9 Str+2}
 56600 | Elf:3    | Identified the +9 dagger "Justrauka" {pain, rElec MR+}
 56604 | Elf:3    | Identified the +2 mace "Ukouf" {freeze, rC+ Int+2 SInv}
 56905 | Elf:3    | Identified the Handbook of Transmigration and Lightness
 56972 | Elf:3    | Identified the Almanac of Confrontation
 57053 | Elf:3    | Got a transparent copper amulet
 57062 | Elf:3    | Got a clouded bronze ring
 57065 | Elf:3    | Identified the ring "Koygoedgh" {Wiz +Blink Slay+3} (You
                  | acquired it on level 3 of the Elven Halls)
 57066 | Elf:3    | Identified the amulet of Peroarepa {Acrobat *Slow MR++ MP+9
                  | Stlth+} (You acquired it on level 3 of the Elven Halls)
 57558 | Elf:3    | Upgraded the game from 0.23.1-38-g628c18f423 to
                  | 0.23.1-41-g7e51ed32d8
 58138 | Crypt:1  | Entered Level 1 of the Crypt
 58731 | Crypt:1  | Received a gift from Okawaru
 59164 | Crypt:1  | Got a warped lead ring
 59166 | Crypt:1  | Identified the ring "Tacix" {+Fly rElec Str-3 Slay+3} (You
                  | found it on level 1 of the Crypt)
 59322 | Crypt:1  | Received a gift from Okawaru
 60068 | Crypt:2  | Identified a +2 pair of boots of running (Okawaru gifted it
                  | to you on level 1 of the Crypt)
 60744 | Crypt:3  | Entered Level 3 of the Crypt
 60835 | Crypt:3  | Reached XP level 22. HP: 199/211 MP: 22/22
 61059 | Crypt:3  | Identified the Reference Book on Unholy Rituals
 61392 | Crypt:3  | Received a gift from Okawaru
 61395 | Crypt:3  | Got a shimmering triple sword {god gift}
 61420 | Crypt:3  | Got a steaming graven amulet
 61420 | Crypt:3  | Got a wavering bronze ring
 61420 | Crypt:3  | Got a scorched pewter ring
 61421 | Crypt:3  | Identified the amulet "Tifel" {Regen+ Dex+6} (You found it
                  | on level 3 of the Crypt)
 61423 | Crypt:3  | Identified the ring "Ciunaeq" {+Inv rN+ Str+2} (You found
                  | it on level 3 of the Crypt)
 61425 | Crypt:3  | Identified the ring of Yzeh {rN+ Str+3 Stlth+} (You found
                  | it on level 3 of the Crypt)
 61566 | Crypt:3  | Found a staircase to the Tomb.
 61566 | Crypt:3  | Noticed an ancient lich
 61575 | Crypt:3  | Killed an ancient lich
 61852 | Crypt:3  | Identified the +6 triple sword "Lopn" {slice, Fragile Int+4
                  | Dex+6} (Okawaru gifted it to you on level 3 of the Crypt)
 63075 | Crypt:3  | Found an ancient bone altar of Kikubaaqudgha.
 63077 | Crypt:3  | Noticed an ancient lich
 63090 | Crypt:3  | Killed an ancient lich
 63090 | Crypt:3  | Received a gift from Okawaru
 63093 | Crypt:3  | Got a warped chain mail {god gift}
 63194 | Crypt:3  | Got a vibrating wooden ring
 63200 | Crypt:3  | Identified the ring "Dusmusis" {Str+2 SInv} (You found it
                  | on level 3 of the Crypt)
 63207 | Crypt:3  | Noticed an ancient lich
 63220 | Crypt:3  | Killed an ancient lich
 63518 | Crypt:3  | Identified the +0 chain mail "Lifeasoc" {rF+ MR++ Str-4
                  | Slay+3} (Okawaru gifted it to you on level 3 of the Crypt)
 64105 | Vaults:4 | Received a gift from Okawaru
 64549 | Vaults:4 | Got faintly humming acid dragon scales {god gift}
 64662 | Vaults:4 | Identified the +0 acid dragon scales "Luon" {rElec rC+ rN+
                  | rCorr Str+6} (Okawaru gifted it to you on level 4 of the
                  | Vaults)
 65320 | Vaults:4 | Reached XP level 23. HP: 215/222 MP: 23/23
 65329 | Vaults:4 | Reached skill level 27 in Shields
 65490 | Vaults:4 | Noticed Xtahua
 65501 | Vaults:4 | Killed Xtahua
 65740 | Vaults:5 | Entered Level 5 of the Vaults
 66395 | Vaults:4 | Received a gift from Okawaru
 66398 | Vaults:4 | Got a twisted hat {god gift}
 66411 | Vaults:4 | Identified the +2 hat of Lies {rN+} (Okawaru gifted it to
                  | you on level 4 of the Vaults)
 67288 | Vaults:5 | Identified the cursed +2 quarterstaff of War {flame, rElec
                  | rF+ Stlth+}
 67755 | Vaults:4 | Received a gift from Okawaru
 68865 | Vaults:5 | Got jewelled shadow dragon scales
 68876 | Vaults:5 | Identified the +9 shadow dragon scales of the Hidden Vale
                  | {rF- Slay+4 Stlth++++} (You found it on level 5 of the
                  | Vaults)
 68909 | Vaults:5 | Got a silver rune of Zot
 69894 | Vaults:5 | Got a twitching golden amulet
 69895 | Vaults:5 | Identified the amulet "Wohum" {Gourm rElec} (You acquired
                  | it on level 5 of the Vaults)
 70401 | Depths:1 | Entered Level 1 of the Depths
 70401 | Depths:1 | Found a gateway to Hell.
 70420 | Depths:1 | Found Roceh's Pet Rocks.
 70521 | D:15     | Reached XP level 24. HP: 97/236 MP: 23/23
 71090 | Depths:1 | Noticed a juggernaut
 71115 | Depths:1 | Killed a juggernaut
 71115 | Depths:1 | Received a gift from Okawaru
 71906 | Depths:1 | Noticed a juggernaut
 71918 | Depths:1 | Killed a juggernaut
 72767 | Depths:1 | Received a gift from Okawaru
 73263 | Depths:1 | Noticed Bai Suzhen
 73313 | Depths:1 | Killed Bai Suzhen
 73842 | Depths:2 | Found Veuz's Jewellery Emporium.
 74719 | Depths:2 | Received a gift from Okawaru
 74882 | Depths:2 | Got a fine chain mail {god gift}
 74893 | Depths:2 | Identified the +1 chain mail of Nuyc Pou {Dex+4 SInv}
                  | (Okawaru gifted it to you on level 2 of the Depths)
 75545 | Depths:3 | Found a flickering gateway to a bazaar.
 75550 | Bazaar   | Entered a bazaar
 75556 | Bazaar   | Found Ozyoca's Magic Scroll Emporium.
 75556 | Bazaar   | Found Gady's Jewellery Shoppe.
 75579 | Bazaar   | Bought a scroll of enchant armour for 97 gold pieces
 75579 | Bazaar   | Bought a scroll of enchant weapon for 97 gold pieces
 75579 | Bazaar   | Bought a scroll of enchant weapon for 97 gold pieces
 75579 | Bazaar   | Bought 2 scrolls of identify for 52 gold pieces
 75581 | Bazaar   | Bought a cursed amulet of inaccuracy for 20 gold pieces
 75679 | Depths:3 | Reached XP level 25. HP: 133/248 MP: 23/23
 75771 | Depths:3 | Found a one-way gate leading to the halls of Pandemonium.
 76711 | Depths:3 | Noticed a juggernaut
 76729 | Depths:3 | Received a gift from Okawaru
 77265 | Depths:3 | Killed a juggernaut
 77265 | Depths:3 | Received a gift from Okawaru
 77745 | Depths:4 | Received a gift from Okawaru
 77870 | Depths:4 | Found Amecu's Magic Scroll Shoppe.
 77883 | Depths:4 | Found Tityiseb's Antique Weapon Emporium.
 77883 | Depths:4 | Found Ruihyl's Distillery.
 77903 | Depths:4 | Found Cuurusen's Jewellery Emporium.
 77939 | Depths:4 | Bought a slimy falchion for 344 gold pieces
 77946 | Depths:4 | Identified the +1 falchion "Yppuh" {drain, rElec rPois}
                  | (You bought it in a shop on level 4 of the Depths)
 77995 | Depths:4 | Noticed a juggernaut
 78025 | Depths:3 | Killed a juggernaut
 79002 | Depths:4 | Reached skill level 1 in Evocations
 79444 | Depths:4 | Found a one-way gate to the infinite horrors of the Abyss.
 80141 | Depths:5 | Entered Level 5 of the Depths
 80141 | Depths:5 | Identified the +0 faerie dragon scales {rCorr Str+8 Dex-2}
 80141 | Depths:5 | Noticed the Enchantress
 80258 | Depths:4 | Killed the Enchantress
 80258 | Depths:4 | Received a gift from Okawaru
 80520 | Depths:5 | Reached XP level 26. HP: 193/264 MP: 20/23
 80872 | Depths:5 | Received a gift from Okawaru
 81051 | Depths:5 | Found a gateway to a ziggurat.
 81471 | Depths:5 | Found a gate to the Realm of Zot.
 81638 | Hell     | Entered the Vestibule of Hell
 81638 | Hell     | Noticed Geryon
 81681 | Hell     | Killed Geryon
 81687 | Depths:5 | Reached skill level 27 in Fighting
 82431 | Hell     | Received a gift from Okawaru
 82813 | Depths:5 | Reached skill level 27 in Long Blades
 84057 | Depths:5 | Received a gift from Okawaru
 84060 | Depths:5 | Got a jewelled long sword {god gift}
 84064 | Depths:5 | Identified the +5 long sword of Okawaru's Reproof {slice,
                  | *Corrode +Inv MR+ Int+3} (Okawaru gifted it to you on level
                  | 5 of the Depths)
 84100 | Hell     | Found a gateway to the freezing wastes of Cocytus.
 84682 | Zot:1    | Entered Level 1 of the Realm of Zot
 85876 | Zot:1    | Received a gift from Okawaru
 86570 | Zot:1    | Reached XP level 27. HP: 258/273 MP: 23/23
 87205 | Zot:2    | Cast into level 5 of the Abyss (the power of Zot)
 87205 | Abyss:5  | Entered Level 5 of the Abyss
 87205 | Abyss:5  | Entered Level 5 of the Abyss
 87205 | Abyss:5  | Entered Level 5 of the Abyss
 87211 | Zot:2    | Escaped the Abyss
 87231 | Zot:2    | Received a gift from Okawaru
 87849 | Zot:2    | Reached skill level 27 in Armour
 88994 | Lair:1   | Identified a +2 pair of boots of running (Okawaru gifted it
                  | to you on level 2 of the Realm of Zot)
 89386 | Depths:5 | Voluntarily entered the Abyss.
 89523 | Abyss:1  | Reached skill level 1 in Unarmed Combat
 89536 | Abyss:1  | Reached skill level 1 in Throwing
 89878 | Abyss:3  | Found a corrupted altar of Lugonu.
 89920 | Abyss:3  | Reached skill level 1 in Spellcasting
 90104 | Abyss:3  | Reached skill level 5 in Stealth
 90131 | Abyss:3  | Gained mutation: Scrolls take you a little longer to read.
                  | [a neqoxec]
 90141 | Abyss:3  | Paralysed by accursed screaming for 1 turns
 90149 | Abyss:3  | Paralysed by accursed screaming for 2 turns
 90257 | Abyss:3  | Lost intelligence.
 90543 | Abyss:3  | Received a gift from Okawaru
 90555 | Abyss:3  | Got a pair of distressingly furry gloves {god gift}
 90849 | Abyss:5  | Entered Level 5 of the Abyss
 90949 | Depths:5 | Escaped the Abyss
 91698 | Lair:1   | Identified the +0 pair of gloves of Snakes and Ladders
                  | {Regen+} (Okawaru gifted it to you on level 3 of the Abyss)
 91991 | Slime:1  | Entered Level 1 of the Pits of Slime
 92030 | Slime:1  | Reached skill level 5 in Dodging
 92223 | Slime:1  | Reached skill level 10 in Stealth
 92390 | Slime:3  | Gained mutation: You are dopey. (Int -2) [a shining eye]
 92392 | Slime:3  | Gained mutation: Armour fits poorly on your strangely
                  | shaped body. [a shining eye]
 92394 | Slime:3  | Gained mutation: Your spells are a little easier to cast,
                  | but a little less powerful. [a shining eye]
 92806 | Slime:4  | HP: 1/273 [large slime creature (28)]
 92807 | Slime:4  | Demolished by an acid blob

Skill      XL: |  1  2  3  4  5  6  7  8  9 10 11 12 13 14 15 16 17 18 19 20 21 22 23 24 25 26 27 |
---------------+----------------------------------------------------------------------------------+-----
Fighting       | 4 5 6 7 8 10 11 12 13 14 15 17 18 19 20 21 23 24 26 27 | 27.0
Armour         | 4 6 7 8 10 11 12 13 14 15 16 17 18 19 20 21 22 23 26 27 | 27.0
Long Blades    | 3 5 6 8 9 11 12 14 15 16 17 18 19 20 21 22 23 25 26 27 | 27.0
Shields        | 4 7 8 10 11 13 14 16 17 19 20 21 22 23 25 26 27 | 27.0
Dodging        | 1 2 3 4 7 |  7.3
Invocations    | 1 2 |  2.9
Stealth        | 1 2 3 10 | 10.4
Evocations     | 2 |  2.6
Unarmed Combat | 2 |  2.0
Throwing       | 1 |  1.7
Spellcasting   | 1 |  1.1

Action                   |  1- 3 |  4- 6 |  7- 9 | 10-12 | 13-15 | 16-18 | 19-21 | 22-24 | 25-27 || total
-------------------------+-------+-------+-------+-------+-------+-------+-------+-------+-------++-------
Melee: Long sword        |    89 |    39 |   477 |   195 |       |       |       |       |       ||   800
       Headbutt          |     8 |     3 |   118 |   201 |   381 |   641 |   635 |   721 |   732 ||  3440
       Scimitar          |       |       |       |   654 |   450 |   181 |    76 |       |       ||  1361
       Double sword      |       |       |       |       |   782 |  1694 |  1688 |  1737 |  1885 ||  7786
       Falchion          |       |       |       |       |       |       |       |       |     3 ||     3
Invok: Heroism           |       |       |     2 |     5 |     3 |       |     1 |     5 |     1 ||    17
Evoke: Wand              |       |       |       |       |       |     1 |     9 |       |    11 ||    21
  Use: Potion            |       |     1 |       |     1 |     2 |     9 |     3 |     1 |     7 ||    24
       Scroll            |       |       |     3 |    17 |    14 |     7 |    17 |    18 |     7 ||    83
 Stab: Confused          |       |       |       |       |       |     2 |       |       |       ||     2
       Held in net/web   |       |       |       |       |       |     3 |       |       |       ||     3
       Distracted        |       |       |       |       |       |       |     1 |       |     4 ||     5
       Sleeping          |       |       |       |       |       |       |       |     2 |     1 ||     3
       Petrified         |       |       |       |       |       |       |       |     2 |       ||     2
  Eat: Chunk             |       |     2 |    10 |    22 |    33 |    33 |    29 |    32 |    19 ||   180
       Ration            |       |       |     1 |     2 |     3 |     8 |     7 |     4 |    10 ||    35
Armor: Scale mail        |    25 |       |       |       |       |       |       |       |       ||    25
       Plate armour      |    22 |       |   253 |   449 |   650 |   814 |       |       |       ||  2188
       Chain mail        |       |    33 |    14 |       |       |       |       |       |       ||    47
       Crystal plate arm |       |       |       |       |       |   696 |   811 |   899 |  1204 ||  3610
       Shadow dragon sca |       |       |       |       |       |       |       |    13 |       ||    13
       Acid dragon scale |       |       |       |       |       |       |       |       |    51 ||    51
Dodge: Dodged            |    21 |    19 |   117 |   232 |   420 |   749 |   398 |   439 |   701 ||  3096
Block: Shield            |    57 |    36 |   316 |   675 |  1144 |  2226 |  1557 |  1628 |  2036 ||  9675
       Rpst.: Long sword |     7 |     5 |    37 |    17 |       |       |       |       |       ||    66
       Scimitar          |       |       |       |    38 |    36 |    14 |     2 |       |       ||    90
       Double sword      |       |       |       |       |    61 |   128 |    86 |    79 |   119 ||   473
